Map: Thunderbird LE

Players

Tplink

  • Race: Zerg Zerg
  • League: Diamond
  • Spawn Location: 11:00

Mez - Winner!

  • Race: Zerg Zerg
  • League: Master
  • Spawn Location: 5:00

VOD

Have the link to the VOD?

Description

Time

  • Played on: Aug. 13, 2019, 8:34 a.m.
  • Length: 5:16
Show
View Real Time Build Order
Export as new Build Order

Tplink Zerg 

Build Orders: Hatch First 

Get SALT Encoding   

  12  0:01  Drone  
  13  0:13  Overlord  
  13  0:16  Drone  
  14  0:31  Drone x2  
  16  0:35  Drone  
  17  0:53  Hatchery  
  17  0:56  Drone  
  17  1:14  Spawning Pool  
  16  1:22  Drone  
  16  1:23  Drone x2  
  19  1:43  Drone, Extractor  
  19  1:45  Drone  
  20  2:06  Queen x2  
  20  2:08  Drone x3  
  27  2:16  Overlord  
  27  2:17  Overlord  
  27  2:27  Drone, Spine Crawler  
  27  2:28  Drone  
  28  2:39  Drone x2  
  28  2:43  Lair  
  30  2:45  Queen  
  30  2:49  Drone  
  33  2:54  Drone  
  34  3:06  Roach Warren  
  34  3:10  Evolution Chamber, Drone  
  34  3:11  Drone x2  
  34  3:12  Evolution Chamber  
  34  3:16  Drone x2  
  34  3:18  Drone  
  37  3:28  Drone x4  
  37  3:33  Extractor  
  40  3:34  Extractor  
  40  3:36  Overlord  
  40  3:40  Drone x2  
  41  3:47  Drone  
  42  3:50  Drone x2  
  42  3:55  Overlord  
  44  3:57  Drone x2  
  46  4:09  Evolution Chamber  
  43  4:10  Drone  
  42  4:18  Evolution Chamber  
  42  4:21  Roach x4  
  47  4:27  Roach x2  
  41  4:45  Roach x3  
  38  4:57  Overlord  
Show
View Real Time Build Order
Export as new Build Order

Mez Zerg - Winner!

Build Orders: Pool First 

Get SALT Encoding   

  12  0:00  Drone  
  13  0:11  Drone  
  14  0:19  Overlord  
  14  0:25  Extractor  
  14  0:26  Drone  
  15  0:38  Drone x2  
  17  0:48  Spawning Pool  
  16  0:51  Drone  
  16  0:53  Extractor  
  16  0:58  Drone  
  17  1:18  Hatchery  
  17  1:22  Drone  
  17  1:23  Drone  
  18  1:31  Overlord  
  18  1:42  Queen  
  20  1:56  Drone, Zergling x2  
  20  1:58  Metabolic Boost  
  22  2:11  Zergling x2  
  22  2:12  Zergling x2  
  24  2:29  Queen  
  26  2:31  Queen  
  26  2:32  Drone  
  26  2:33  Drone x2  
  31  2:48  Drone x2  
  33  2:52  Overlord x2  
  33  2:54  Drone  
  33  3:20  Zergling x10  
  38  3:33  Zergling x8  
  42  3:38  Hatchery  
  41  3:50  Drone x4  
  41  3:51  Drone x2  
  47  3:57  Overlord  
  47  4:02  Lair  
  42  4:18  Drone x7  
  49  4:37  Extractor x2  
  47  4:38  Extractor  
  47  4:41  Roach Warren  
  44  4:46  Drone x10  
Tags
 
Add a new tag
Caveats
  • Supply blocks, unpowered buildings, or Contaminate may cause inaccurate times.
  • Supply counts are checked every 10 seconds.